[Event "ICC tourney 3207 (40 10)"]
[Site "Internet Chess Club"]
[Date "2023.06.03"]
[Round "1"]
[White "BHARDWAJ, ARYAMAN:K03-17148228"]
[Black "Oliver, Prinxe:Prinxe"]
[Result "0-1"]
[ICCResult "White checkmated"]
[WhiteElo "591"]
[BlackElo "1301"]
[Opening "Caro-Kann: advance variation"]
[ECO "B12"]
[NIC "CK.02"]
[Time "11:00:08"]
[PlyCount "52"]
[TimeControl "2400+10"]

1. e4 c6 2. d4 d5 3. e5 c5 4. c3 Nc6 5. Nf3 cxd4 6. cxd4 Bg4 7. h3 Bxf3 8.
Qxf3 e6 9. Qd1 Nge7 10. Bb5 a6 11. Ba4 Nf5 12. Nc3 b5 13. Bc2 Nfxd4 14. Qd2
Nxc2+ 15. Qxc2 Nxe5 16. Bf4 Ng6 17. Bg3 Bd6 18. Bxd6 Qxd6 19. O-O-O O-O 20.
Qe2 Rfc8 21. Rd3 b4 22. Qe1 bxc3 23. Rxc3 Rxc3+ 24. bxc3 Qa3+ 25. Kb1 Rb8+
26. Ka1 Qb2# {White checkmated} 0-1

[Event "ICC tourney 3207 (40 10)"]
[Site "Internet Chess Club"]
[Date "2023.06.03"]
[Round "1"]
[White "ASKEW, GEORGE:BlueStorm"]
[Black "Bolme, Thomas Bradley:ThomasBradley75"]
[Result "1-0"]
[ICCResult "Black resigns"]
[WhiteElo "1238"]
[BlackElo "567"]
[Opening "Modern defense"]
[ECO "A40"]
[NIC "QO.17"]
[Time "11:00:10"]
[PlyCount "88"]
[TimeControl "2400+10"]

1. d4 g6 2. Bf4 d6 3. e3 Nf6 4. h3 Bg7 5. c3 O-O 6. Nf3 e5 7. dxe5 dxe5 8.
Qxd8 Rxd8 9. Bxe5 Ne4 10. Bxg7 Kxg7 11. Nbd2 Nxd2 12. Nxd2 Be6 13. Be2 Nc6
14. O-O Ne5 15. Nf3 Bc4 16. Bxc4 Nxc4 17. b3 Nd2 18. Rfd1 Nxf3+ 19. gxf3
Rxd1+ 20. Rxd1 Re8 21. Rd7 Rc8 22. e4 a6 23. Kf1 b5 24. Ke2 Kf6 25. Ke3 Ke6
26. Rd3 c5 27. f4 f5 28. e5 h5 29. Rd6+ Kf7 30. Rxa6 c4 31. b4 Rf8 32. Rf6+
Kg7 33. Rxf8 Kxf8 34. Kd4 Ke7 35. h4 Ke6 36. Kc5 Kf7 37. Kxb5 g5 38. fxg5
Ke6 39. Kxc4 Kxe5 40. b5 Ke6 41. b6 Kd7 42. Kd5 Kc8 43. g6 Kb7 44. g7 Kxb6
{Black resigns}
1-0

[Event "ICC tourney 3207 (40 10)"]
[Site "Internet Chess Club"]
[Date "2023.06.03"]
[Round "1"]
[White "Wu, Andy:AndyW2027"]
[Black "Chiappetta, Graydon:loopy"]
[Result "1-0"]
[ICCResult "Black checkmated"]
[WhiteElo "1355"]
[BlackElo "889"]
[Opening "Vienna game"]
[ECO "C25"]
[NIC "VG.04"]
[Time "11:00:11"]
[PlyCount "139"]
[TimeControl "2400+10"]

1. e4 e5 2. Nc3 Be7 3. Nf3 Nc6 4. d4 exd4 5. Nxd4 Nf6 6. Bc4 O-O 7. O-O d6
8. Re1 Na5 9. Be2 c5 10. Nf3 a6 11. Bf4 b5 12. e5 Nh5 13. exd6 Nxf4 14. dxe7
Qxe7 15. Bxb5 Qf6 16. Be2 Nh3+ 17. gxh3 Qg6+ 18. Kh1 Bxh3 19. Bf1 Bc8 20.
Bg2 Rb8 21. Rg1 Qf6 22. Ne4 Qxb2 23. Rb1 Qxb1 24. Qxb1 Rxb1 25. Rxb1 c4 26.
Nc5 g6 27. Nd4 Rd8 28. c3 Kg7 29. Rb6 Re8 30. h3 Re1+ 31. Kh2 Ra1 32. Rb8
Bf5 33. Nxf5+ gxf5 34. Rb2 Rc1 35. Na4 Kg6 36. Kg3 h5 37. Rb6+ f6 38. Rxa6
Nb3 39. axb3 cxb3 40. Rb6 Rg1 41. Rxb3 h4+ 42. Kh2 Ra1 43. Rb4 Ra2 44. Kg1
Ra1+ 45. Bf1 Kg5 46. c4 f4 47. c5 Rc1 48. Rc4 Re1 49. c6 Re8 50. c7 Rc8 51.
Nb6 Rxc7 52. Rxc7 f3 53. Rc5+ f5 54. Bd3 Kh6 55. Rxf5 Kg7 56. Rxf3 Kh8 57.
Rf4 Kg7 58. Rxh4 Kf6 59. Rg4 Ke5 60. h4 Kf6 61. h5 Kf7 62. h6 Kf8 63. h7 Kf7
64. h8=Q Ke6 65. Qh6+ Ke5 66. Rg5+ Kd4 67. Qh4+ Kc3 68. Qc4+ Kd2 69. Qc2+
Ke1 70. Re5# {Black checkmated} 1-0

[Event "ICC tourney 3207 (40 10)"]
[Site "Internet Chess Club"]
[Date "2023.06.03"]
[Round "1"]
[White "TJIPTO, GAVIN:akudakudaku"]
[Black "GAW, ZACHARY:zman-g"]
[Result "1-0"]
[ICCResult "Black checkmated"]
[WhiteElo "1398"]
[BlackElo "1142"]
[Opening "Giuoco Piano: Greco variation"]
[ECO "C54"]
[NIC "IG.02"]
[Time "11:00:07"]
[PlyCount "71"]
[TimeControl "2400+10"]

1. e4 e5 2. Nf3 Nc6 3. Bc4 Bc5 4. c3 Nf6 5. d4 exd4 6. cxd4 Bb4+ 7. Nc3 Nxe4
8. O-O Nxc3 9. Re1+ Be7 10. bxc3 O-O 11. Rb1 Re8 12. Ne5 Nxe5 13. Rxe5 Bf6
14. Rxe8+ Qxe8 15. Bf4 d6 16. Bg3 Qc6 17. Qb3 Qe8 18. f3 Qe3+ 19. Kh1 Qe8
20. Re1 Qf8 21. Bxf7+ Kh8 22. Re8 Qxe8 23. Bxe8 Bf5 24. Qf7 h6 25. Qf8+ Kh7
26. Bg6+ Bxg6 27. Qxa8 c5 28. Qxa7 cxd4 29. cxd4 d5 30. Qxb7 Bxd4 31. Qxd5
Bf6 32. a4 Bc3 33. Be5 Be1 34. Qb7 Bf7 35. Qxf7 Bc3 36. Qxg7# {Black
checkmated} 1-0

[Event "ICC tourney 3207 (40 10)"]
[Site "Internet Chess Club"]
[Date "2023.06.03"]
[Round "1"]
[White "Romanyuk, Nikita:NikitaR"]
[Black "ANGEL, BORYS:BArkadia"]
[Result "1-0"]
[ICCResult "Black resigns"]
[WhiteElo "1056"]
[BlackElo "1372"]
[Opening "Scotch game"]
[ECO "C45"]
[NIC "SO.05"]
[Time "11:00:05"]
[PlyCount "101"]
[TimeControl "2400+10"]

1. e4 e5 2. Nf3 Nc6 3. d4 exd4 4. Nxd4 Bc5 5. Be3 Nxd4 6. Bxd4 Bxd4 7. Qxd4
Qf6 8. Qxf6 Nxf6 9. Nc3 O-O 10. O-O-O Ng4 11. Rd2 c6 12. f3 Nf6 13. Bc4 b5
14. Bb3 a5 15. a3 b4 16. Nb1 Ba6 17. c3 bxa3 18. Nxa3 Rfd8 19. Rhd1 Kf8 20.
Bc4 Bb7 21. g4 h6 22. e5 Nd5 23. Bxd5 cxd5 24. f4 Bc6 25. c4 dxc4 26. Nxc4
Ba4 27. Re1 Rac8 28. Rd4 Bb3 29. Ree4 Rc7 30. Kd2 a4 31. Na3 Rdc8 32. Re1
Ke7 33. Rd3 g5 34. f5 Rh8 35. f6+ Kd8 36. Rc3 Rxc3 37. Kxc3 h5 38. gxh5 Rxh5
39. Rg1 Rxh2 40. Rxg5 Rh3+ 41. Kb4 Kc7 42. Rg4 Kb6 43. Nc4+ Bxc4 44. Rxc4
Rb3+ 45. Kxa4 Rxb2 46. Rb4+ Rxb4+ 47. Kxb4 Kc6 48. Kc4 d6 49. e6 d5+ 50. Kd4
fxe6 51. f7 {Black resigns} 1-0

[Event "ICC tourney 3207 (40 10)"]
[Site "Internet Chess Club"]
[Date "2023.06.03"]
[Round "2"]
[White "GAW, CHRISTIAN:cman-g"]
[Black "BHARDWAJ, ARYAMAN:K03-17148228"]
[Result "1-0"]
[ICCResult "Black resigns"]
[WhiteElo "1171"]
[BlackElo "591"]
[Opening "Giuoco Piano"]
[ECO "C50"]
[NIC "IG.02"]
[Time "13:15:08"]
[PlyCount "33"]
[TimeControl "2400+10"]

1. e4 e5 2. Nf3 Nc6 3. Bc4 Bc5 4. O-O Nf6 5. Nc3 d6 6. h3 Nd4 7. d3 Ng4 8.
hxg4 Bxg4 9. Bxf7+ Kxf7 10. Ng5+ Kg8 11. Qxg4 h6 12. Nf3 h5 13. Qh3 Nxf3+
14. Qxf3 h4 15. Qh3 Qe8 16. Nd5 Qg6 17. Ne7+ {Black resigns} 1-0

[Event "ICC tourney 3207 (40 10)"]
[Site "Internet Chess Club"]
[Date "2023.06.03"]
[Round "2"]
[White "ANGEL, BORYS:BArkadia"]
[Black "Chiappetta, Graydon:loopy"]
[Result "1-0"]
[ICCResult "Black checkmated"]
[WhiteElo "1372"]
[BlackElo "889"]
[Opening "Hungarian defense"]
[ECO "C50"]
[NIC "IG.03"]
[Time "13:15:03"]
[PlyCount "63"]
[TimeControl "2400+10"]

1. e4 e5 2. Nf3 Nc6 3. Bc4 Be7 4. Nc3 Nf6 5. d4 exd4 6. Nxd4 O-O 7. Nf5 d6
8. Nxe7+ Qxe7 9. O-O a6 10. h3 b5 11. Nd5 Nxd5 12. Bxd5 Qd7 13. Qf3 Rb8 14.
Qg3 Ne5 15. f4 c6 16. Bb3 Nc4 17. f5 g6 18. f6 Re8 19. Qg5 Re6 20. Qh6 Rxf6
21. Rxf6 Qe7 22. Bg5 Qxe4 23. Raf1 Be6 24. Bxc4 bxc4 25. Rxe6 Qxe6 26. Bf6
Qxf6 27. Rxf6 Rxb2 28. Rxd6 Rb1+ 29. Kh2 Rb8 30. Rxc6 f5 31. Rc7 Rb7 32.
Qg7# {Black checkmated} 1-0

[Event "ICC tourney 3207 (40 10)"]
[Site "Internet Chess Club"]
[Date "2023.06.03"]
[Round "2"]
[White "ASKEW, GEORGE:BlueStorm"]
[Black "TJIPTO, GAVIN:akudakudaku"]
[Result "0-1"]
[ICCResult "White resigns"]
[WhiteElo "1238"]
[BlackElo "1398"]
[Opening "Queen's pawn, Mason variation, Steinitz counter-gambit"]
[ECO "D00"]
[NIC "QP.08"]
[Time "13:15:07"]
[PlyCount "96"]
[TimeControl "2400+10"]

1. d4 d5 2. Bf4 c5 3. e3 Nc6 4. c3 Nf6 5. Nd2 Bf5 6. Ngf3 e6 7. Bb5 Qb6 8.
Bxc6+ bxc6 9. b3 Qa6 10. Ne5 Be7 11. h3 Ne4 12. g4 Nxc3 13. gxf5 Nxd1 14.
Kxd1 exf5 15. Ndf3 f6 16. dxc5 fxe5 17. Nxe5 Bf6 18. Rc1 Bxe5 19. Bxe5 Qd3+
20. Ke1 Qe4 21. Bxg7 Qxh1+ 22. Kd2 Qxc1+ 23. Kxc1 Rg8 24. Bd4 Ke7 25. Kd2
Rg2 26. Ke2 Rh2 27. Be5 Rxh3 28. Bd6+ Ke6 29. b4 a5 30. bxa5 Rxa5 31. Kf1
Rxa2 32. Kg2 Rh6 33. Bg3 Rg6 34. Kf3 Rxg3+ 35. Kxg3 Ke5 36. f4+ Ke4 37. Kh4
Kxe3 38. Kg5 Rf2 39. Kxf5 Rxf4+ 40. Ke6 d4 41. Kd6 d3 42. Kxc6 d2 43. Kb7
d1=Q 44. c6 Qb3+ 45. Kc8 Rf8+ 46. Kd7 Qd5+ 47. Kc7 Rf7+ 48. Kb6 Rf6
{White resigns}
0-1

[Event "ICC tourney 3207 (40 10)"]
[Site "Internet Chess Club"]
[Date "2023.06.03"]
[Round "2"]
[White "GAW, ZACHARY:zman-g"]
[Black "Bolme, Thomas Bradley:ThomasBradley75"]
[Result "1-0"]
[ICCResult "Black checkmated"]
[WhiteElo "1142"]
[BlackElo "567"]
[Opening "Caro-Kann defense"]
[ECO "B15"]
[NIC "CK.05"]
[Time "13:15:12"]
[PlyCount "109"]
[TimeControl "2400+10"]

1. e4 c6 2. d4 d5 3. Nc3 dxe4 4. Nxe4 Nf6 5. Nc3 Bf5 6. Bc4 e6 7. Nf3 Bd6 8.
h3 Nbd7 9. a3 O-O 10. O-O Bb8 11. Bg5 Qc7 12. Bh4 Be4 13. Bg3 Bxf3 14. Qxf3
e5 15. dxe5 Nxe5 16. Qf4 Re8 17. Rfe1 Nh5 18. Qe3 Qd6 19. Bxe5 Rxe5 20. Qxe5
Qxe5 21. Rxe5 Bxe5 22. Re1 Re8 23. Kf1 Re7 24. Nd1 b5 25. Ba2 a6 26. g3 a5
27. Kg2 c5 28. f4 Bf6 29. Rxe7 Bxe7 30. Nc3 b4 31. axb4 axb4 32. Ne4 g6 33.
Bc4 Kg7 34. b3 h6 35. Kf3 Bd8 36. g4 Nf6 37. Nxf6 Kxf6 38. h4 h5 39. gxh5
gxh5 40. Kg3 Kg7 41. Kh3 Kh7 42. Bxf7 Kg7 43. Bxh5 Kh6 44. Kg4 Bc7 45. f5
Kg7 46. Bg6 Bd8 47. h5 Kh6 48. Kf4 Bc7+ 49. Ke4 Bb6 50. f6 Bd8 51. f7 Kg7
52. Kf5 Bf6 53. h6+ Kxh6 54. Kxf6 c4 55. f8=B# {Black checkmated} 1-0

[Event "ICC tourney 3207 (40 10)"]
[Site "Internet Chess Club"]
[Date "2023.06.03"]
[Round "2"]
[White "Zhuge, Alexandra:MonkeyTree"]
[Black "KINKUS, SAM E:Grandslam34"]
[Result "1/2-1/2"]
[ICCResult "Game drawn by mutual agreement"]
[WhiteElo "846"]
[BlackElo "935"]
[Opening "Scandinavian (center counter) defense"]
[ECO "B01"]
[NIC "SD.01"]
[Time "13:15:07"]
[PlyCount "125"]
[TimeControl "2400+10"]

1. e4 d5 2. exd5 Qxd5 3. Nc3 Qa5 4. d4 Nf6 5. Bc4 Bf5 6. Nf3 c6 7. O-O e6 8.
Bf4 Bb4 9. Bd2 Nbd7 10. a3 Bd6 11. Re1 Qc7 12. h3 Nb6 13. Bb3 Nbd5 14. Nxd5
cxd5 15. Bg5 Ne4 16. Ba4+ Kf8 17. Bd2 Nxf2 18. Kxf2 Bg3+ 19. Kg1 Bxe1 20.
Bxe1 Be4 21. Bb4+ Kg8 22. Qd2 Bxf3 23. gxf3 Qg3+ 24. Qg2 Qxg2+ 25. Kxg2 Rc8
26. c3 Rc4 27. Bb5 Rc8 28. a4 a6 29. Bd3 g6 30. Bd6 Kg7 31. Be5+ f6 32. Bd6
Rhe8 33. Re1 Rc6 34. Bg3 Kf7 35. f4 Rb6 36. b4 Rc6 37. b5 Rxc3 38. Be2 Rec8
39. bxa6 bxa6 40. Bxa6 R8c7 41. Be2 Rc2 42. a5 Ra7 43. a6 Rxa6 44. Bf2 Raa2
45. Kf3 f5 46. h4 h5 47. Be3 Kf6 48. Kf2 Ra3 49. Kf3 Rac3 50. Kf2 e5 51.
fxe5+ Ke6 52. Kf3 Rb2 53. Kf2 Rcb3 54. Kf3 Rb1 55. Rxb1 Rxb1 56. Kf2 Rh1 57.
Kg3 Rb1 58. Bg5 Rb4 59. Be3 Rb3 60. Kf3 Rb2 61. Bg5 Rb4 62. Ke3 Rb3+ 63. Kf2
{Game drawn by mutual agreement}
1/2-1/2

[Event "ICC tourney 3207 (40 10)"]
[Site "Internet Chess Club"]
[Date "2023.06.03"]
[Round "2"]
[White "Romanyuk, Nikita:NikitaR"]
[Black "Wu, Andy:AndyW2027"]
[Result "0-1"]
[ICCResult "White checkmated"]
[WhiteElo "1056"]
[BlackElo "1355"]
[Opening "Sicilian: Nimzovich-Rossolimo attack (with ...g6, without ...d6)"]
[ECO "B31"]
[NIC "SI.31"]
[Time "13:15:12"]
[PlyCount "120"]
[TimeControl "2400+10"]

1. e4 c5 2. Nf3 Nc6 3. Bb5 g6 4. c4 Bg7 5. Nc3 d6 6. O-O Nf6 7. Re1 Bd7 8.
d4 cxd4 9. Nxd4 O-O 10. Nd5 Nxd5 11. Bxc6 bxc6 12. cxd5 cxd5 13. exd5 Re8
14. b3 Qb6 15. Be3 Qa5 16. a4 Qxd5 17. Rb1 Rab8 18. Nf3 Qxd1 19. Rexd1 Be6
20. Bxa7 Rb7 21. Bd4 Rxb3 22. Rxb3 Bxb3 23. Ra1 e5 24. Bb6 Bc4 25. Rc1 d5
26. Nd2 Bh6 27. Rc2 Bd3 28. Rc3 e4 29. Nb3 Bf8 30. Nc5 d4 31. Rc1 Bxc5 32.
Rxc5 e3 33. fxe3 dxe3 34. Rc1 e2 35. Kf2 Re4 36. Ba5 Rxa4 37. Rc8+ Kg7 38.
Bc3+ f6 39. Rc7+ Kf8 40. Bd2 g5 41. Ke3 Ba6 42. Ra7 Ra1 43. Kf2 Rf1+ 44. Kg3
Bd3 45. Bb4+ Kg8 46. Re7 h5 47. Re8+ Kg7 48. Re7+ Kg6 49. h4 g4 50. Bc3 Kf5
51. Re8 Be4 52. Rf8 e1=Q+ 53. Bxe1 Rxe1 54. Kh2 Re2 55. Kh1 Bxg2+ 56. Kg1
Bf3 57. Kf1 Ra2 58. Kg1 g3 59. Rc8 Ra1+ 60. Rc1 Rxc1# {White checkmated} 0-1

[Event "ICC tourney 3207 (40 10)"]
[Site "Internet Chess Club"]
[Date "2023.06.03"]
[Round "3"]
[White "Bolme, Thomas Bradley:ThomasBradley75"]
[Black "BHARDWAJ, ARYAMAN:K03-17148228"]
[Result "0-1"]
[ICCResult "White checkmated"]
[WhiteElo "567"]
[BlackElo "591"]
[Opening "Giuoco Piano"]
[ECO "C54"]
[NIC "IG.02"]
[Time "15:33:37"]
[PlyCount "74"]
[TimeControl "2400+10"]

1. e4 e5 2. Nf3 Nc6 3. Bc4 Bc5 4. c3 Nf6 5. d4 exd4 6. cxd4 Bb4+ 7. Bd2
Bxd2+ 8. Qxd2 Nxe4 9. Qe3 d5 10. Bd3 Qe7 11. Nbd2 Nxd2 12. Kxd2 Qxe3+ 13.
Kxe3 O-O 14. Ne5 Re8 15. Kf4 Nxe5 16. dxe5 b6 17. Bf5 Bxf5 18. Kxf5 c5 19.
Rad1 d4 20. Rhe1 Rad8 21. Kf4 Rd5 22. a4 c4 23. h4 d3 24. g4 d2 25. Re3 a6
26. f3 b5 27. axb5 axb5 28. Re2 Red8 29. Ke4 b4 30. f4 c3 31. bxc3 bxc3 32.
Ke3 Rd3+ 33. Kf2 c2 34. Rdxd2 Rxd2 35. Rxd2 Rxd2+ 36. Ke1 Rh2 37. e6 c1=Q#
{White checkmated}
0-1

[Event "ICC tourney 3207 (40 10)"]
[Site "Internet Chess Club"]
[Date "2023.06.03"]
[Round "3"]
[White "Li, Marissa:meichen"]
[Black "Oliver, Prinxe:Prinxe"]
[Result "0-1"]
[ICCResult "White resigns"]
[WhiteElo "884"]
[BlackElo "1301"]
[Opening "Caro-Kann: exchange variation"]
[ECO "B13"]
[NIC "CK.02"]
[Time "15:30:14"]
[PlyCount "112"]
[TimeControl "2400+10"]

1. e4 c6 2. d4 d5 3. exd5 cxd5 4. Nc3 Nc6 5. Nf3 Bg4 6. Be2 e6 7. Be3 Nf6 8.
h3 Bxf3 9. Bxf3 Qb6 10. b3 Bb4 11. Qd3 Ne4 12. Bxe4 dxe4 13. Qc4 Na5 14. Qf1
Bxc3+ 15. Ke2 Qa6+ 16. Kd1 Qxf1+ 17. Rxf1 Bxa1 18. Kd2 Rc8 19. Rxa1 O-O 20.
Bf4 Rc6 21. c4 Rd8 22. Ke3 f5 23. g4 fxg4 24. hxg4 h6 25. Kxe4 g5 26. Be5 b6
27. Rh1 Kh7 28. f4 gxf4 29. Bxf4 e5 30. Bxe5 Rg6 31. Rh4 Nc6 32. d5 Nxe5 33.
Kxe5 Rg5+ 34. Kd4 Rdg8 35. d6 Rxg4+ 36. Rxg4 Rxg4+ 37. Ke5 Rg8 38. d7 h5 39.
Ke6 h4 40. Ke7 h3 41. d8=Q Rxd8 42. Kxd8 h2 43. b4 h1=Q 44. c5 Qd5+ 45. Kc7
bxc5 46. bxc5 Qxc5+ 47. Kb7 Qa3 48. Kc7 Qxa2 49. Kd6 a5 50. Kc5 Qb3 51. Kd4
a4 52. Kc5 a3 53. Kd4 a2 54. Kc5 a1=Q 55. Kd6 Qd4+ 56. Kc6 Qbc3+ {White
resigns} 0-1

[Event "ICC tourney 3207 (40 10)"]
[Site "Internet Chess Club"]
[Date "2023.06.03"]
[Round "3"]
[White "TJIPTO, GAVIN:akudakudaku"]
[Black "Wu, Andy:AndyW2027"]
[Result "0-1"]
[ICCResult "White checkmated"]
[WhiteElo "1398"]
[BlackElo "1355"]
[Opening "Sicilian: accelerated fianchetto, modern variation with Bc4"]
[ECO "B35"]
[NIC "SI.33"]
[Time "15:30:15"]
[PlyCount "158"]
[TimeControl "2400+10"]

1. e4 c5 2. d4 cxd4 3. Nf3 Nc6 4. Nxd4 g6 5. Be3 Bg7 6. Nc3 Nf6 7. Bc4 Qa5
8. O-O O-O 9. Re1 d6 10. Qd2 Nxe4 11. Nxc6 Nxd2 12. Nxa5 Nxc4 13. Nxc4 Be6
14. Na3 Rac8 15. Ne4 Bxb2 16. Bh6 Rfd8 17. Rab1 Bxa3 18. Rxb7 Rd7 19. Rxd7
Bxd7 20. h3 Rxc2 21. Rb1 Rb2 22. Rc1 Rb7 23. Re1 Bb2 24. Ng3 Be6 25. a4 Bg7
26. Bg5 h6 27. Be3 a6 28. Ne2 Bf5 29. Kh2 Rb1 30. Rxb1 Bxb1 31. a5 Bd3 32.
Nd4 Be4 33. Kg3 e5 34. Ne2 f5 35. f4 Kf7 36. Kf2 Ke6 37. g3 Kd7 38. Bd2 Kc6
39. Ke3 Bg2 40. h4 Bf6 41. Be1 Bd8 42. Nc1 Kb5 43. fxe5 dxe5 44. Nd3 Bc7 45.
Bc3 e4 46. Nf4 Bf3 47. Nxg6 Bxg3 48. Bg7 h5 49. Bc3 Bc7 50. Ne7 f4+ 51. Kf2
Bxa5 52. Be5 Bb6+ 53. Kf1 Be3 54. Nd5 a5 55. Nxf4 Bxf4 56. Bxf4 a4 57. Ke1
Kc4 58. Kd2 Kb3 59. Be5 a3 60. Bf6 Ka2 61. Kc2 e3 62. Kd3 e2 63. Kd2 Kb1 64.
Bc3 a2 65. Ke1 a1=Q 66. Bxa1 Kxa1 67. Kf2 Bg4 68. Ke1 Kb2 69. Kd2 Kb3 70.
Ke1 Kc2 71. Kf2 Kd2 72. Kg2 e1=Q 73. Kh2 Qxh4+ 74. Kg2 Qh3+ 75. Kg1 Qg3+ 76.
Kf1 Qf3+ 77. Kg1 h4 78. Kh2 Qf2+ 79. Kh1 Bf3# {White checkmated} 0-1

[Event "ICC tourney 3207 (40 10)"]
[Site "Internet Chess Club"]
[Date "2023.06.03"]
[Round "3"]
[White "GAW, CHRISTIAN:cman-g"]
[Black "Romanyuk, Nikita:NikitaR"]
[Result "0-1"]
[ICCResult "White checkmated"]
[WhiteElo "1171"]
[BlackElo "1056"]
[Opening "French: exchange variation"]
[ECO "C01"]
[NIC "FR.01"]
[Time "15:30:21"]
[PlyCount "116"]
[TimeControl "2400+10"]

1. e4 e6 2. d4 d5 3. exd5 exd5 4. Nf3 Nf6 5. Bd3 Nc6 6. Bb5 Bd7 7. O-O Be7
8. Bxc6 Bxc6 9. Ne5 O-O 10. Nxc6 bxc6 11. Re1 Re8 12. Bg5 h6 13. Bf4 Qd7 14.
Nc3 c5 15. dxc5 Bxc5 16. Re5 c6 17. a3 Rxe5 18. Bxe5 Qf5 19. Bg3 Re8 20. Qd2
g5 21. b4 Bb6 22. Qd3 Qe6 23. h3 Ne4 24. Nxe4 Qxe4 25. Qxe4 Rxe4 26. Kf1 a5
27. bxa5 Bxa5 28. f3 Rc4 29. Ra2 Bc3 30. Ke2 d4 31. Kd3 Ra4 32. f4 f5 33.
fxg5 hxg5 34. h4 g4 35. Bf4 Kf7 36. Bd2 Bxd2 37. Kxd2 Kf6 38. Kd3 c5 39. Ke2
Ke5 40. g3 f4 41. gxf4+ Kxf4 42. Ra1 g3 43. Kf1 Kg4 44. Kg2 Kxh4 45. Kf3 Rc4
46. Rh1+ Kg5 47. Kxg3 Rc3+ 48. Kf2 Rxc2+ 49. Kg1 Rc1+ 50. Kg2 Rxh1 51. Kxh1
d3 52. Kg2 d2 53. Kf2 d1=Q 54. Ke3 c4 55. Kf2 c3 56. Ke3 c2 57. Ke4 c1=Q 58.
a4 Qf4# {White checkmated} 0-1

[Event "ICC tourney 3207 (40 10)"]
[Site "Internet Chess Club"]
[Date "2023.06.03"]
[Round "3"]
[White "ANGEL, BORYS:BArkadia"]
[Black "Zhuge, Alexandra:MonkeyTree"]
[Result "1-0"]
[ICCResult "Black checkmated"]
[WhiteElo "1372"]
[BlackElo "846"]
[Opening "Evans gambit"]
[ECO "C52"]
[NIC "IG.05"]
[Time "15:31:41"]
[PlyCount "65"]
[TimeControl "2400+10"]

1. e4 e5 2. Nf3 Nc6 3. Bc4 Bc5 4. b4 Bxb4 5. c3 Ba5 6. Qb3 Qe7 7. O-O Nf6 8.
d4 O-O 9. Bg5 h6 10. Bh4 Nd8 11. dxe5 g5 12. exf6 Qxf6 13. Bg3 Ne6 14. e5
Qg6 15. Nd4 Nxd4 16. cxd4 Bb6 17. Qc3 d6 18. Nd2 Bf5 19. f4 Rad8 20. fxg5
Qxg5 21. Nf3 Qg7 22. Kh1 d5 23. Nh4 Bg4 24. Bd3 Qg5 25. Nf5 Qh5 26. Qd2 Qg5
27. Nxh6+ Kh8 28. Qxg5 f6 29. exf6 Rd7 30. f7 Rdxf7 31. Be5+ Rf6 32. Qxf6+
Rxf6 33. Bxf6# {Black checkmated} 1-0

[Event "ICC tourney 3207 (40 10)"]
[Site "Internet Chess Club"]
[Date "2023.06.03"]
[Round "3"]
[White "KINKUS, SAM E:Grandslam34"]
[Black "ASKEW, GEORGE:BlueStorm"]
[Result "0-1"]
[ICCResult "White resigns"]
[WhiteElo "935"]
[BlackElo "1238"]
[Opening "Caro-Kann: closed (Breyer) variation"]
[ECO "B10"]
[NIC "CK.01"]
[Time "15:30:09"]
[PlyCount "76"]
[TimeControl "2400+10"]

1. e4 c6 2. d3 d5 3. Nd2 e5 4. Ngf3 Bg4 5. h3 Bxf3 6. Qxf3 Bc5 7. Nb3 Bb6 8.
Be3 d4 9. Bd2 Nd7 10. c4 Ngf6 11. Be2 O-O 12. Qg3 Kh8 13. h4 a5 14. a4 Qe7
15. h5 h6 16. Qh3 Nc5 17. Nxc5 Bxc5 18. O-O Bb4 19. Bc1 Qd7 20. Qh4 Be7 21.
Qh2 Qe6 22. f4 exf4 23. Bxf4 Ng4 24. Bxg4 Qxg4 25. Bxh6 gxh6 26. Qe5+ Kg8
27. Qxe7 Qxh5 28. Rf3 Rae8 29. Rg3+ Kh7 30. Qf6 Rg8 31. Rxg8 Rxg8 32. Rf1
Rg7 33. Qf5+ Qxf5 34. Rxf5 Kg6 35. Rxa5 f6 36. Rc5 Kf7 37. a5 Ke6 38. Rxc6+
bxc6 {White resigns} 0-1

[Event "ICC tourney 3207 (40 10)"]
[Site "Internet Chess Club"]
[Date "2023.06.03"]
[Round "4"]
[White "Chiappetta, Graydon:loopy"]
[Black "GAW, CHRISTIAN:cman-g"]
[Result "0-1"]
[ICCResult "White checkmated"]
[WhiteElo "889"]
[BlackElo "1171"]
[Opening "Inverted Hungarian"]
[ECO "C44"]
[NIC "KP.10"]
[Time "17:45:42"]
[PlyCount "182"]
[TimeControl "2400+10"]

1. e4 e5 2. Nf3 Nc6 3. Be2 Nf6 4. d3 h6 5. Bd2 Bc5 6. O-O O-O 7. Qc1 Kh7 8.
c3 d5 9. exd5 Nxd5 10. c4 Nf6 11. Qc2 Nd4 12. Nxd4 exd4 13. b4 Bd6 14. g3
Bh3 15. Re1 Re8 16. Na3 a5 17. c5 Be7 18. bxa5 Qd5 19. f3 Bxc5 20. Nc4 b5
21. axb6 cxb6 22. Bf1 Rxe1 23. Rxe1 Bxf1 24. Rxf1 b5 25. Na5 Bb6 26. Qb3
Qxb3 27. Nxb3 Rxa2 28. Bf4 Nd5 29. Be5 Ne3 30. Ra1 Rxa1+ 31. Nxa1 f6 32. Bd6
Nf5 33. Bb4 Kg8 34. Kg2 Ne3+ 35. Kh3 Kf7 36. Nb3 Ke6 37. Bc5 Bxc5 38. Nxc5+
Kd5 39. Nb3 Nd1 40. Kg2 Ne3+ 41. Kf2 b4 42. f4 g5 43. fxg5 hxg5 44. Kf3 f5
45. Kf2 f4 46. gxf4 gxf4 47. Kf3 Ke5 48. h4 Nf5 49. Kg4 f3 50. Kxf3 Nxh4+
51. Ke2 Nf5 52. Kd2 Ne3 53. Ke2 Kd5 54. Kf3 Nc2 55. Ke2 Na3 56. Kd2 Nb5 57.
Kc2 Ke5 58. Nc5 Kf4 59. Kb3 Nd6 60. Kxb4 Ke3 61. Kb3 Nf5 62. Kc4 Kd2 63.
Nb3+ Ke3 64. Nc5 Nd6+ 65. Kd5 Nb5 66. Kc4 Nd6+ 67. Kd5 Nf5 68. Kc4 Kd2 69.
Ne4+ Ke3 70. Nc5 Kd2 71. Nb3+ Ke3 72. Nc5 Nh4 73. Nb3 Nf3 74. Nc5 Nd2+ 75.
Kd5 Nf3 76. Kc4 Ne5+ 77. Kb4 Nxd3+ 78. Kc4 Nxc5 79. Kb4 d3 80. Kc3 d2 81.
Kc2 Ke2 82. Kc3 d1=Q 83. Kb4 Qd4+ 84. Kb5 Nd7 85. Kc6 Kd3 86. Kc7 Kc4 87.
Kc8 Nb6+ 88. Kb8 Kb5 89. Kb7 Qd7+ 90. Kb8 Qd8+ 91. Ka7 Qa8# {White
checkmated} 0-1

[Event "ICC tourney 3207 (40 10)"]
[Site "Internet Chess Club"]
[Date "2023.06.03"]
[Round "4"]
[White "Li, Marissa:meichen"]
[Black "Romanyuk, Nikita:NikitaR"]
[Result "0-1"]
[ICCResult "White checkmated"]
[WhiteElo "884"]
[BlackElo "1056"]
[Opening "French: exchange variation"]
[ECO "C01"]
[NIC "FR.01"]
[Time "17:45:37"]
[PlyCount "126"]
[TimeControl "2400+10"]

1. e4 e6 2. d4 d5 3. exd5 exd5 4. Nf3 Nf6 5. Nc3 Nc6 6. h3 Bb4 7. Bd2 O-O 8.
Be2 Re8 9. O-O h6 10. a3 Bxc3 11. Bxc3 Bf5 12. Re1 Ne4 13. Bd3 Nxc3 14. bxc3
Rxe1+ 15. Qxe1 Bxd3 16. cxd3 Qe8 17. c4 Ne7 18. Qe5 c6 19. Re1 Kf8 20. Nh4
Rd8 21. Qf4 Qd7 22. Nf3 Qd6 23. Qxd6 Rxd6 24. g4 f6 25. Kg2 g5 26. Kg3 Ng6
27. c5 Rd7 28. Re6 Kf7 29. Re1 b5 30. cxb6 axb6 31. h4 Nf4 32. hxg5 hxg5 33.
Re3 Ra7 34. Ne1 Rxa3 35. f3 Ra2 36. Nc2 Nxd3 37. Rxd3 Rxc2 38. Rb3 b5 39. f4
Ke6 40. f5+ Kd6 41. Kf3 c5 42. dxc5+ Kxc5 43. Ke3 d4+ 44. Kd3 Rc3+ 45. Rxc3+
dxc3 46. Kxc3 Kd5 47. Kb4 Ke5 48. Kxb5 Kf4 49. Kc5 Kxg4 50. Kd5 Kxf5 51. Kd6
g4 52. Kd5 g3 53. Kd4 g2 54. Kd5 g1=Q 55. Kd6 Qd4+ 56. Ke7 Qe5+ 57. Kf7 Qe6+
58. Kg7 Qe7+ 59. Kh6 Qf8+ 60. Kh7 Qf7+ 61. Kh8 Qe7 62. Kg8 Kg6 63. Kh8 Qg7#
{White checkmated}
0-1

[Event "ICC tourney 3207 (40 10)"]
[Site "Internet Chess Club"]
[Date "2023.06.03"]
[Round "4"]
[White "BHARDWAJ, ARYAMAN:K03-17148228"]
[Black "KINKUS, SAM E:Grandslam34"]
[Result "1-0"]
[ICCResult "Black resigns"]
[WhiteElo "591"]
[BlackElo "935"]
[Opening "Scandinavian (center counter) defense"]
[ECO "B01"]
[NIC "SD.01"]
[Time "17:45:41"]
[PlyCount "79"]
[TimeControl "2400+10"]

1. e4 d5 2. exd5 Qxd5 3. Nc3 Qa5 4. Bc4 Nf6 5. d3 Bf5 6. Qf3 c6 7. Qxf5 Qxf5
8. Nf3 Qd7 9. Ng5 e6 10. Bf4 h6 11. Nge4 Nxe4 12. Nxe4 Bd6 13. Nxd6+ Ke7 14.
O-O Rd8 15. Rfe1 Kf8 16. Re4 c5 17. Nb5 Na6 18. Bd6+ Kg8 19. Be5 Kh8 20. Rg4
f6 21. Bd6 Nb4 22. Bxc5 Nxc2 23. Rc1 a6 24. Nc3 Rac8 25. Bb6 Re8 26. Rxc2
Rc6 27. Be3 e5 28. Rg3 Rec8 29. Nd5 Qd6 30. b4 b5 31. Bc5 Rxc5 32. bxc5 Qxc5
33. Bb3 Qf8 34. Rxc8 Qxc8 35. h3 Qb7 36. Rg4 a5 37. a4 b4 38. d4 exd4 39.
Rxd4 Qa7 40. Rc4 {Black resigns} 1-0